 Dungeon Sprint DCSS version 0.23.2-11-gf996548c65 (webtiles) character file.

Game seed: 17433977783158017574

16512 Kobolds4U the Fencer (level 12, -3/119 HPs)
             Began as a Minotaur Fighter on June 3, 2019.
             Was a High Priest of Okawaru.
             Slain by the 27-headed Lernaean hydra (9 damage)
             ... in the Dungeon (Sprint I: "Red Sonja").
             The game lasted 00:19:22 (4002 turns).

Kobolds4U the Fencer (Minotaur Fighter)             Turns: 4002, Time: 00:19:23

Health: -3/119     AC: 25    Str: 25    XL:     12   Next: 10%
Magic:  17/18      EV:  9    Int:  6    God:    Okawaru [*****.]
Gold:   897        SH: 10    Dex: 13    Spells: 16/19 levels left

rFire    . . .     SeeInvis .   a - +9 long sword "Lovotan" {speed, +Blink}
rCold    + . .     Gourm    .   e - +0 shield {AC+3}
rNeg     . . .     Faith    .   k - +5 plate armour of Gicrim {rC+ Regen+}
rPois    .         Spirit   .   (helmet restricted)
rElec    .         Reflect  .   (no cloak)
rCorr    +         Harm     .   (no gloves)
MR       .....     NoTele   +   (no boots)
Stlth    ..........             (no amulet)
HPRegen  0.69/turn              n - +3 ring of strength
MPRegen  0.16/turn              b - ring of resist corrosion

@: very slightly contaminated, starving, very slow
A: retaliatory headbutt, horns 2
a: Heroism, Finesse, Renounce Religion, Evoke Blink


You were in the Dungeon.
You worshipped Okawaru.
Okawaru was extremely pleased with you.
You were starving.

You visited 1 branch You collected 2302 gold pieces.
You spent 1405 gold pieces at shops.

Inventory:

Hand Weapons
 a - the +9 long sword "Lovotan" (weapon) {speed, +Blink}
   (You found it in the Dungeon)

   Attacks with this weapon are significantly faster.
   It lets you blink.
 g - the +11 falchion of Ofetiluo {freeze, -Tele rPois MP+9 Int+2}
   (Okawaru gifted it to you in the Dungeon)

   It has been specially enchanted to freeze those struck by it, causing extra
   injury to most foes and up to half again as much damage against particularly
   susceptible opponents.
   It can also slow down cold-blooded creatures.
   It affects your intelligence (+2).
   It protects you from poison.
   It affects your magic capacity (+9).
   It prevents most forms of teleportation.
 l - a +1 shortbow
 o - a +0 war axe
Missiles
 p - 51 arrows
Armour
 e - a +0 shield of protection (worn)
 k - the +5 plate armour of Gicrim (worn) {rC+ Regen+}
   (You bought it in a shop in the Dungeon)

   It protects you from cold.
   It increases your rate of regeneration.
Jewellery
 b - a ring of resist corrosion (right hand)
 n - a +3 ring of strength (left hand)
 q - an uncursed ring of see invisible
Scrolls
 s - a scroll of blinking
Potions
 d - a potion of lignification
 h - a potion of haste
 i - 2 potions of magic
 j - 4 potions of curing
Comestibles
 f - 4 rations


   Skills:
 - Level 15.1 Fighting
 + Level 19.1 Long Blades
 - Level 13.2 Axes
 - Level 15.9 Armour
 - Level 8.0 Dodging
 - Level 3.6 Shields
 - Level 4.1 Spellcasting
 * Level 0.0 Hexes
 - Level 10.0 Invocations
 - Level 5.1 Evocations


You had 16 spell levels left.
You knew the following spells:

 Your Spells              Type           Power        Failure   Level  Hunger
a - Dazzling Spray        Conj/Hex       #.....       100%        3    ####...

Your spell library contained the following spells:

 Spells                   Type           Power        Failure   Level  Hunger
 Magic Dart               Conj           #...         100%        1    ##.....
 Searing Ray              Conj           #.....       100%        2    ###....
 Force Lance              Conj/Tloc      #.......     100%        4    #####..
 Fulminant Prism          Conj/Hex       #.........   100%        4    #####..
 Iskenderun's Mystic Bla  Conj           #.......     100%        4    #####..


Dungeon Overview and Level Annotations

Branches:
Dungeon (1/1)

Altars:
Cheibriados
Dithmenos
Elyvilon
Fedhas
Gozag
Hepliaklqana
Kikubaaqudgha
Makhleb
Nemelex Xobeh
Okawaru
Qazlal
Ru
Sif Muna
Trog
Uskayaw
Vehumet
Wu Jian
Xom
Yredelemnul
Zin
The Shining One
Jiyva
Lugonu

Shops:
D :%:*?(**=*}%%!([=

Annotations:
D exclusions: door and oklob plant, Lernaean hydra


Innate Abilities, Weirdness & Mutations

You reflexively headbutt those who attack you in melee.
You have a pair of horns on your head.


Message History

The 27-headed Lernaean hydra bites you but does no damage.
The 27-headed Lernaean hydra bites you.
* * * LOW HITPOINT WARNING * * *
The 27-headed Lernaean hydra barely misses you.
The 27-headed Lernaean hydra bites you but does no damage. x2
The 27-headed Lernaean hydra bites you.
* * * LOW HITPOINT WARNING * * *
The 27-headed Lernaean hydra bites you.
* * * LOW HITPOINT WARNING * * *
The 27-headed Lernaean hydra bites you.
* * * LOW HITPOINT WARNING * * *
The 27-headed Lernaean hydra bites you.
* * * LOW HITPOINT WARNING * * *
The 27-headed Lernaean hydra bites you but does no damage.
The 27-headed Lernaean hydra bites you!
* * * LOW HITPOINT WARNING * * *
The 27-headed Lernaean hydra bites you.
* * * LOW HITPOINT WARNING * * *
The 27-headed Lernaean hydra bites you!
You die...

##...#P≈..##
.###.#M4..#
...#.###..# .°.#.#
+..# ####+# ##3## #
#≈≈§## #≈≈≈≈## $
#§≈≈≈≈####### °.°
####≈≈≈≈#3≈@≈≈#.○..
#$$#'≈≈≈'≈D(≈≈'.°○○
#$$$##≈≈#≈≈§≈≈#°≈≈.
#$$$$######'### #≈≈
#$$$$# ≈≈≈ ≈ ######
≈e≈≈≈ $e≈≈≈≈≈
$$$$$$$$≈
###########


You could see the 27-headed Lernaean hydra, a deep elf master archer and a smoke
demon.

Vanquished Creatures
  A deep elf annihilator (D)
  A lorocyproca (D)
  A hydra (D)
  2 centaur warriors (D)
  Sonja (D)
  7 unseen horrors (D)
  A deep troll (D)
  A lindwurm (D)
  An oklob plant (D)
  2 merfolk sirens (D)
  A gargoyle (D)
  A hellwing (D)
  4 demonic crawlers (D)
  2 kobold demonologists (D)
  4 hornets (D)
  A slime creature (D)
  Sigmund (D)
  2 redbacks (D)
  A yak (D)
  13 hogs (D)
  3 floating eyes (D)
  7 necrophages (D)
  An ogre (D)
  8 jellies (D)
  Ijyb (D)
  4 ballistomycetes (D)
72 creatures vanquished.

Vanquished Creatures (others)
  A gargoyle (D)
  A hornet (D)
  2 ballistomycete spores (D)
4 creatures vanquished.

Grand Total: 76 creatures vanquished

Notes
Turn   | Place    | Note
-------+----------+-------------------------------------------
     0 | D        | Kobolds4U the Minotaur Fighter began the quest for the Orb.
     0 | D        | Reached XP level 1. HP: 19/19 MP: 0/0
     3 | D        | Noticed Ijyb
    22 | D        | Killed Ijyb
    22 | D        | Reached skill level 5 in Fighting
    22 | D        | Reached XP level 2. HP: 24/29 MP: 1/1
    90 | D        | Noticed an ogre
    94 | D        | Killed an ogre
    94 | D        | Reached skill level 5 in Armour
    94 | D        | Reached XP level 3. HP: 38/38 MP: 2/2
    94 | D        | Reached XP level 4. HP: 45/45 MP: 3/3
    98 | D        | Noticed Sigmund
   101 | D        | Killed Sigmund
   101 | D        | Reached XP level 5. HP: 56/56 MP: 4/4
   111 | D        | Found a burning altar of Makhleb.
   111 | D        | Found a viscous altar of Jiyva.
   111 | D        | Found a shimmering altar of Xom.
   111 | D        | Found a corrupted altar of Lugonu.
   111 | D        | Noticed a slime creature
   115 | D        | Killed a slime creature
   115 | D        | Reached XP level 6. HP: 49/64 MP: 5/5
   116 | D        | Found an ornate altar of the Wu Jian Council.
   116 | D        | Found a deep blue altar of Sif Muna.
   118 | D        | Found a radiant altar of Vehumet.
   125 | D        | Found Eganejaf's Food Emporium.
   125 | D        | Found an ancient bone altar of Kikubaaqudgha.
   125 | D        | Found a hazy altar of Hepliaklqana.
   125 | D        | Found a stormy altar of Qazlal.
   125 | D        | Found a hide-covered altar of Uskayaw.
   125 | D        | Found a blossoming altar of Fedhas.
   125 | D        | Found a bloodstained altar of Trog.
   125 | D        | Found an iron altar of Okawaru.
   125 | D        | Found a basalt altar of Yredelemnul.
   125 | D        | Found a glowing golden altar of the Shining One.
   125 | D        | Found a snail-covered altar of Cheibriados.
   125 | D        | Found a sacrificial altar of Ru.
   125 | D        | Found a glowing silver altar of Zin.
   125 | D        | Found a shadowy altar of Dithmenos.
   125 | D        | Found a white marble altar of Elyvilon.
   125 | D        | Noticed a yak
   128 | D        | Killed a yak
   128 | D        | Reached skill level 10 in Fighting
   128 | D        | Reached XP level 7. HP: 57/72 MP: 6/6
   129 | D        | Found an opulent altar of Gozag.
   130 | D        | Found a sparkling altar of Nemelex Xobeh.
   135 | D        | Became a worshipper of Warmaster Okawaru
   198 | D        | Got a slimy long sword
   199 | D        | Identified the +9 long sword "Lovotan" {speed, +Blink} (You
                  | found it in the Dungeon)
   236 | D        | Noticed a centaur warrior
   237 | D        | Noticed a centaur warrior
   245 | D        | Killed a centaur warrior
   245 | D        | Reached * piety under Okawaru
   245 | D        | Reached skill level 9 in Long Blades
   245 | D        | Reached XP level 8. HP: 63/79 MP: 7/7
   254 | D        | Killed a centaur warrior
   254 | D        | Reached ** piety under Okawaru
   254 | D        | Reached skill level 12 in Long Blades
   430 | D        | Noticed a hornet
   433 | D        | Paralysed by a hornet for 1 turns
   435 | D        | Killed a hornet
   435 | D        | Reached XP level 9. HP: 65/85 MP: 8/8
   619 | D        | Noticed an oklob plant
   628 | D        | Killed an oklob plant
   628 | D        | Reached *** piety under Okawaru
   628 | D        | Reached skill level 13 in Long Blades
   708 | D        | Reached skill level 14 in Long Blades
   793 | D        | Reached skill level 1 in Invocations
   836 | D        | Killed an unseen horror
   836 | D        | Reached **** piety under Okawaru
   836 | D        | Reached skill level 15 in Long Blades
   850 | D        | Killed an unseen horror
   850 | D        | Reached XP level 10. HP: 62/97 MP: 10/13
   855 | D        | Reached skill level 1 in Evocations
  1000 | D        | Reached ***** piety under Okawaru
  1024 | D        | Learned a level 3 spell: Dazzling Spray
  1024 | D        | Found Kuvoiteu's Assorted Antiques.
  1024 | D        | Found Geen's Book Shop.
  1024 | D        | Found Laur's Magic Scroll Boutique.
  1026 | D        | Found Qigoshrem's Antique Weapon Emporium.
  1026 | D        | Found Gerr's General Store.
  1026 | D        | Found Voiluoj's General Store.
  1026 | D        | Found Mamiamn's Jewellery Boutique.
  1026 | D        | Found Kynosh's General Store.
  1026 | D        | Found Datsad's Gadget Shop.
  1026 | D        | Found Isacaz's Food Shoppe.
  1029 | D        | Found Ycwoukio's Food Boutique.
  1030 | D        | Found Qonguuch's Weapon Emporium.
  1030 | D        | Found Wefaitat's Distillery.
  1031 | D        | Found Saughut's Jewellery Emporium.
  1041 | D        | Bought an uncursed ring of see invisible for 180 gold
                  | pieces
  1042 | D        | Bought a potion of degeneration for 12 gold pieces
  1055 | D        | Bought a scroll of enchant weapon for 105 gold pieces
  1086 | D        | Noticed a deep troll
  1091 | D        | Killed a deep troll
  1091 | D        | Reached skill level 16 in Long Blades
  1106 | D        | Found Maclio's Armour Emporium.
  1213 | D        | Noticed a soul eater
  1237 | D        | Received a gift from Okawaru
  1237 | D        | Reached skill level 5 in Evocations
  1251 | D        | HP: 4/101 [demonic crawler (6)]
  1262 | D        | Got an ancient falchion {god gift}
  1263 | D        | Identified the +11 falchion of Ofetiluo {freeze, -Tele
                  | rPois MP+9 Int+2} (Okawaru gifted it to you in the Dungeon)
  1624 | D        | Noticed a lindwurm
  1630 | D        | Killed a lindwurm
  1825 | D        | Reached XP level 11. HP: 79/107 MP: 14/16
  1848 | D        | Reached skill level 17 in Long Blades
  2446 | D        | Noticed a daeva
  2449 | D        | Noticed an unseen horror
  2449 | D        | Noticed an unseen horror
  2449 | D        | Noticed an unseen horror
  2450 | D        | Noticed an unseen horror
  2458 | D        | Killed an unseen horror
  2458 | D        | Reached skill level 15 in Armour
  2458 | D        | Reached skill level 10 in Invocations
  2464 | D        | Killed an unseen horror
  2464 | D        | Received a gift from Okawaru
  2467 | D        | Killed an unseen horror
  2473 | D        | Noticed an unseen horror
  2481 | D        | Killed an unseen horror
  2482 | D        | Killed an unseen horror
  2482 | D        | Reached skill level 15 in Fighting
  2928 | D        | Noticed Sonja
  2938 | D        | Killed Sonja
  2938 | D        | Reached skill level 18 in Long Blades
  2972 | D        | Found Wuggouxzyez's Book Boutique.
  3324 | D        | Bought the +5 plate armour of Gicrim {rC+ Regen+} for 868
                  | gold pieces
  3375 | D        | Noticed a 12-headed hydra
  3376 | D        | Paralysed by a floating eye for 4 turns
  3384 | D        | Killed a 16-headed hydra
  3384 | D        | Reached skill level 5 in Dodging
  3474 | D        | Identified the +0 robe of Udwitup {rElec Slay+3}
  3474 | D        | Noticed a deep elf annihilator
  3518 | D        | Noticed a mummy priest
  3531 | D        | Reached skill level 1 in Spellcasting
  3533 | D        | Killed a deep elf annihilator
  3533 | D        | Reached XP level 12. HP: 95/119 MP: 18/18
  3666 | D        | Noticed a lorocyproca
  3680 | D        | Killed a lorocyproca
  3680 | D        | Received a gift from Okawaru
  3680 | D        | Reached skill level 19 in Long Blades
  3915 | D        | Bought an uncursed ring of resist corrosion for 240 gold
                  | pieces
  3992 | D        | Noticed the 27-headed Lernaean hydra
  3999 | D        | Noticed a deep elf master archer
  4002 | D        | Slain by the 27-headed Lernaean hydra

Skill      XL: |  1  2  3  4  5  6  7  8  9 10 11 12 |
---------------+-------------------------------------+-----
Fighting       | 5 6 8 9 10 12 13 15 | 15.1
Axes           | 6 8 11 12 13 | 13.2
Armour         | 5 7 8 9 11 12 13 14 15 | 15.9
Long Blades    | 9 12 15 16 18 19 | 19.1
Invocations    | 6 8 10 | 10.0
Evocations     | 5 |  5.1
Dodging        | 8 |  8.0
Spellcasting   | 3 4 |  4.1
Shields        | |  3.6

Action                   |  1- 3 |  4- 6 |  7- 9 | 10-12 || total
-------------------------+-------+-------+-------+-------++-------
Melee: War axe           |    21 |     9 |    17 |       ||    47
       Headbutt          |     4 |     3 |    12 |    61 ||    80
       Long sword        |       |       |    44 |   196 ||   240
       Falchion          |       |       |       |     4 ||     4
Invok: Finesse           |       |       |       |     3 ||     3
       Heroism           |       |       |       |     2 ||     2
 Abil: Evoke Blink       |       |       |       |     2 ||     2
  Use: Potion            |     1 |       |       |     4 ||     5
       Scroll            |       |       |     1 |     4 ||     5
  Eat: Ration            |       |       |       |     2 ||     2
       Chunk             |       |       |       |     1 ||     1
Armor: Scale mail        |     9 |       |       |       ||     9
       Chain mail        |     1 |       |    20 |    89 ||   110
       Plate armour      |       |       |       |    81 ||    81
Dodge: Dodged            |     4 |     1 |     5 |    67 ||    77
Block: Shield            |     7 |     2 |    22 |   126 ||   157
       Rpst.: Long sword |       |       |       |     6 ||     6
       Falchion          |       |       |       |     1 ||     1
